 Dungeon Crawl Stone Soup version 0.31-a0-489-g282fc92437 (webtiles) character file.

Game seed: 14663915994973673226

114 Ethylacetat the Sneak (level 4, -1/33 HPs)
             Began as an Octopode Delver on Aug 8, 2023.
             Slain by a gnoll
             ... wielding a +0 flail
              (6 damage)
             ... on level 2 of the Dungeon.
             The game lasted 00:02:27 (1442 turns).

Ethylacetat the Sneak (Octopode Delver)             Turns: 1442, Time: 00:02:27

Health: -1/33      AC:  1    Str: 11    XL:     4   Next: 97%
Magic:  4/4        EV: 18    Int: 12    God:
Gold:   155        SH:  0    Dex: 15    Spells: 3/3 levels left

rFire   . . .        a - +0 short sword
rCold   . . .        (no shield)
rNeg    . . .        (helmet restricted)
rPois   .            (no amulet)
rElec   .            k - +5 ring of evasion
rCorr   .            (no ring)
SInv    .            (no ring)
Will    .....        (no ring)
Stlth   ++++         (no ring)
HPRegen 0.25/turn    (no ring)
MPRegen 0.09/turn    (no ring)
                     (no ring)

%: no passive effects
@: no status effects
A: almost no armour, amphibious, 8 rings, camouflage 1, gelatinous body 1,
(nimble swimmer 1), tentacles
a: no special abilities


You were on level 2 of the Dungeon.
You visited 1 branch of the dungeon, and saw 5 of its levels.

You collected 155 gold pieces.

Inventory:

Hand Weapons
 a - a +0 short sword (weapon)
Jewellery
 k - a +5 ring of evasion (left tentacle)
Wands
 f - a wand of digging (3)
Scrolls
 b - 2 scrolls of fog
 c - a scroll of revelation
 d - 2 scrolls of fear
 i - a scroll of teleportation {unknown}
 l - 2 scrolls of identify {unknown}
Potions
 e - a potion of haste
 g - a potion of mutation {unknown}
 h - a potion of heal wounds {unknown}
 j - 2 potions of curing {unknown}
 m - a potion of lignification {unknown}


   Skills:
 + Level 4.1 Fighting
 + Level 3.3 Short Blades
 - Level 2.4 Dodging
 - Level 7.0 Stealth


You had 3 spell levels left.
You didn't know any spells.
Your spell library contained the following spells:

 Spells                   Type           Power      Damage    Failure   Level
 Blink                    Tloc           0%         N/A       45%         2
 Lesser Beckoning         Tloc           0%         N/A       45%         2
 Momentum Strike          Conj/Tloc      0%         3d8       45%         2


Dungeon Overview and Level Annotations

Branches:
Dungeon (5/15)
 Temple: D:4-7

Altars:


Innate Abilities, Weirdness & Mutations

You cannot wear most types of armour.
You are amphibious.
You can wear up to eight rings at the same time.
Your skin changes colour to match your surroundings (Stealth+).
Your rubbery body absorbs attacks. (AC +1, EV +1)
((You are camouflaged when in or above water. (Stealth+)))
You have tentacles for arms and can constrict up to eight enemies at once.


Message History

The gnoll closely misses you. x2
You hit the gnoll but do no damage.
The gnoll is heavily wounded.
You constrict the gnoll. The gnoll misses you. x2
The gnoll closely misses you.
You hit the gnoll but do no damage.
The gnoll is severely wounded.
You constrict the gnoll. You hit the gnoll. You squeeze the gnoll.
You kill the gnoll!
The gnoll barely misses you. The gnoll closely misses you. x2
The gnoll hits you from afar with a +0 spear.
The gnoll completely misses you. The gnoll misses you.
You barely miss the gnoll. Your grab misses the gnoll. The gnoll misses you.
The gnoll hits you with a +0 flail. The gnoll barely misses you.
You barely miss the gnoll. You grab the gnoll. You constrict the gnoll.
The gnoll misses you. The gnoll completely misses you.
The gnoll hits you with a +0 spear!
* * * LOW HITPOINT WARNING * * *
You release your grip on the gnoll.
The gnoll barely misses you. The gnoll hits you with a +0 spear.
* * * LOW HITPOINT WARNING * * *
The gnoll misses you. x2
There is a stone staircase leading up here.
The gnoll closely misses you. x2
You climb upwards.
There is a stone staircase leading down here.
You hit the gnoll but do no damage. You grab the gnoll.
You constrict the gnoll. The gnoll barely misses you.
You hit the gnoll.
The gnoll is moderately wounded.
You constrict the gnoll, but do no damage.
The gnoll misses you.
You hit the gnoll.
The gnoll is heavily wounded.
You constrict the gnoll. You hit the gnoll.
The gnoll is severely wounded.
You constrict the gnoll. The gnoll hits you with a +0 flail.
You die...

#.#.## #.#####..#### #†#..# #.#
##..##. #.##.## #.# ##....
#.##..###.# ###... #.###..##.#
##..... #.# ##(##.# #......
######.####.##.#####.#.#..
#............#.#..........
#........@.#...#.##..####.
#........g.###...#..## #.
######.#####...#...### #.
########..##....#.#.....####.
##.....##.#...####...###.##...
##.......#.....................
#..........#####.....###.......
#..........##........# ###.###.
#.........###.##.....# #.# #.


You could see a gnoll.

Vanquished Creatures
  A hound (D:3)
  A gnoll (D:3)
  An adder (D:2)
  2 worms (D:2)
  A dart slug (D:1)
  5 endoplasms
  A giant cockroach (D:1)
  8 goblins
  A hobgoblin (D:2)
  6 jackals
  4 kobolds
  6 quokkas
  6 ball pythons
  3 bats
  3 frilled lizards
  4 rats
53 creatures vanquished.

Notes
Turn   | Place    | Note
-------+----------+-------------------------------------------
     0 | D:5      | Ethylacetat the Octopode Delver began the quest for the
                  | Orb.
     0 | D:5      | Reached XP level 1. HP: 16/16 MP: 1/1
    83 | D:4      | Reached XP level 2. HP: 15/21 MP: 2/2
   171 | D:3      | Reached skill level 7 in Stealth
   171 | D:3      | Reached XP level 3. HP: 26/26 MP: 3/3
   598 | D:1      | Reached XP level 4. HP: 25/32 MP: 4/4
  1442 | D:2      | Slain by a gnoll

Illustrated notes

Levels and vault maps discovered:
D:1:      psy_arrival_radial01, layout_basic, minmay_tiny_reverse_x
D:2:      layout_rooms, nicolae_hexahallways
D:3:      layout_loops_ring, nicolae_vehumet_altar_sigil, st_stairs_12,
          minmay_liquid_box
D:4:      layout_basic, minmay_temple_entry_wispy
D:5:      layout_basic, mainiacjoe_overflow_large_starburst

Skill      XL: |  1  2  3  4 |
---------------+-------------+-----
Stealth        | 7 |  7.0
Short Blades   | 3 |  3.3
Fighting       | 4 |  4.1
Dodging        | |  2.4

Action                     |  1- 3 |  4- 6 || total
---------------------------+-------+-------++-------
  Melee: Short sword       |    32 |    73 ||   105
         Constrict         |     6 |    21 ||    27
         Tentacles         |     7 |    12 ||    19
         Punch             |     1 |       ||     1
   Stab: Sleeping          |     9 |     7 ||    16
         Distracted        |     1 |       ||     1
 Armour: Skin              |     3 |     6 ||     9
  Dodge: Dodged            |    16 |    93 ||   109

Table legend: (Time is in decaauts)
 A = Elapsed time spent in this place.
 B = Non-inter-level travel time spent in this place.
 C = Inter-level travel time spent in this place.
 D = Time resting spent in this place.
 E = Time spent auto-exploring this place.
 F = Levels seen in this place.
 G = Mean time per level.
                   A        B        C        D        E       F      G
               +--------+--------+--------+--------+--------+-----+--------+
         Total |   1425 |   1368 |     57 |      0 |   1068 |   5 |  285.0 |
       Dungeon |   1425 |   1368 |     57 |      0 |   1068 |   5 |  285.0 |
               +--------+--------+--------+--------+--------+-----+--------+

Top non-repeatable levels by time:
     D:2: 610 daAuts
     D:1: 605 daAuts
     D:4: 134 daAuts
     D:3: 43 daAuts
     D:5: 32 daAuts
